 Dungeon Crawl Stone Soup version 0.21.0-24-g2553a33 (webtiles) character file.

102537 microfolk the Warrior (level 15, -14/152 HPs)
             Began as a Minotaur Fighter on Jan 21, 2018.
             Was the Champion of Yredelemnul.
             Demolished by a spriggan berserker
             ... wielding a +0 hand axe
              (24 damage)
             ... on level 1 of the Elven Halls.
             The game lasted 01:14:42 (28215 turns).

microfolk the Warrior (Minotaur Fighter)           Turns: 28215, Time: 01:14:42

Health: -14/152    AC: 27    Str: 26    XL:     15   Next: 86%
Magic:  22/28      EV:  6    Int:  9    God:    Yredelemnul [******]
Gold:   991        SH: 15    Dex: 25    Spells: 14/14 levels left

rFire    + . .     SeeInvis .   a - +8 trident of Dawn {freeze, rF+ rN+ Int+4 Dex-3}
rCold    . . .     Gourm    +   c - +4 shield "Neugui" {MP+9 Dex+4}
rNeg     + . .     Faith    .   Q - +0 plate armour
rPois    +         Spirit   .   R - +2 hat {MR+}
rElec    +         Reflect  .   t - +1 cloak
rCorr    .         Harm     .   L - +0 pair of gloves
MR       +....                  q - +2 pair of boots
Stlth    ..........             M - amulet of the gourmand
HPRegen  0.35/turn              w - ring of poison resistance
MPRegen  0.21/turn              S - ring of Xom's Ringing Laughter {rElec MR- Str+3 Dex+10}

@: drained
A: retaliatory headbutt, horns 2
a: Recall Undead Slaves, Injury Mirror, Animate Dead, Drain Life, Enslave Soul,
Renounce Religion


You were on level 1 of the Elven Halls.
You worshipped Yredelemnul.
Yredelemnul was exalted by your worship.
You were not hungry.

You visited 7 branches of the dungeon, and saw 25 of its levels.
You visited the Abyss 1 time.
You also visited: Ice Cave and Volcano.

You collected 1888 gold pieces.
You spent 897 gold pieces at shops.

Inventory:

Hand Weapons
 a - the +8 trident of Dawn (weapon) {freeze, rF+ rN+ Int+4 Dex-3}
   (You found it on level 7 of the Dungeon)

   It has been specially enchanted to freeze those struck by it, causing extra
   injury to most foes and up to half again as much damage against particularly
   susceptible opponents.
   It can also slow down cold-blooded creatures.
   It affects your intelligence (+4).
   It affects your dexterity (-3).
   It protects you from fire.
   It protects you from negative energy.
 b - the +2 hand crossbow "Puenaad" {elec, Dex+4}
   (You bought it in a shop on level 2 of the Orcish Mines)

   It charges the ammunition it shoots with electricity; occasionally upon a
   hit, such missiles may discharge and cause terrible harm.
   It affects your dexterity (+4).
Missiles
 r - a throwing net (quivered)
 E - 129 bolts
Armour
 c - the +4 shield "Neugui" (worn) {MP+9 Dex+4}
   (You bought it in a shop on level 2 of the Orcish Mines)

   It affects your dexterity (+4).
   It affects your magic capacity (+9).
 q - a +2 pair of boots (worn)
 t - a +1 cloak (worn)
 L - a +0 pair of gloves (worn)
 Q - a +0 plate armour (worn)
 R - a +2 hat of magic resistance (worn)
Jewellery
 w - a ring of poison resistance (left hand)
 G - an uncursed ring of fire
 M - an amulet of the gourmand (around neck)
 S - the ring of Xom's Ringing Laughter (right hand) {rElec MR- Str+3 Dex+10}
   (You found it on level 4 of the Lair of Beasts)

   [ring of strength]

   It affects your strength (+3).
   It affects your dexterity (+10).
   It insulates you from electricity.
   It affects your resistance to hostile enchantments.
 V - an uncursed ring of protection from fire
Wands
 d - a wand of clouds (8)
 g - a wand of disintegration (32)
 C - a wand of flame (15)
 D - a wand of enslavement (17)
 F - a wand of iceblast (7)
 K - a wand of acid (9)
 N - a wand of digging (23)
 T - a wand of scattershot (5)
Scrolls
 h - 4 scrolls of enchant armour
 i - a scroll of random uselessness {unknown}
 j - 5 scrolls of remove curse
 l - 3 scrolls of magic mapping
 x - a scroll of blinking {unknown}
 y - 2 scrolls of enchant weapon
 z - 2 scrolls of fog
 H - a scroll of immolation
 I - 2 scrolls of fear
 O - 5 scrolls of identify
 P - a scroll of torment {unknown}
 X - a scroll of vulnerability {unknown}
 Y - a scroll of acquirement {unknown}
Potions
 e - 2 potions of agility
 k - 2 potions of haste
 m - a potion of flight
 n - 5 potions of lignification
 o - 5 potions of curing
 u - 3 potions of brilliance
 v - a potion of invisibility
 A - 3 potions of resistance
 B - 3 potions of magic
 J - 3 potions of berserk rage
 U - 3 potions of ambrosia
 W - 2 potions of mutation
Comestibles
 f - 23 rations


   Skills:
 + Level 19.0(18.6) Fighting
   Level 8.5(12.1) Axes
 - Level 14.3(14.7) Polearms
 + Level 10.4(10.1) Crossbows
 - Level 17.0(16.6) Armour
 - Level 3.6(3.3) Shields
 - Level 7.0(6.7) Invocations


You had 14 spell levels left.
You didn't know any spells.

Dungeon Overview and Level Annotations

Branches:
Dungeon (11/15)            Temple (1/1) D:5            Lair (6/6) D:9
  Swamp (1/4) Lair:2        Snake (3/4) Lair:3        Slime (0/5) Lair:6
    Orc (2/2) D:11            Elf (1/3) Orc:2

Altars:
Ashenzari
Cheibriados
Dithmenos
Elyvilon
Fedhas
Gozag
Hepliaklqana
Kikubaaqudgha
Makhleb
Nemelex Xobeh
Okawaru
Qazlal
Ru
Sif Muna
Trog
Uskayaw
Vehumet
Wu Jian
Xom
Yredelemnul
Zin
The Shining One
Beogh
Jiyva

Shops:
D:11 ?   Orc:1 :   Orc:2 [*(=   Elf:1 *

Annotations:
D:3 exclusion: downstairs
D:5 Menkaure
Lair:3 exclusion: downstairs
Swamp:1 Louise
Snake:3 Aizul
Elf:1 Azrael


Innate Abilities, Weirdness & Mutations

You reflexively headbutt those who attack you in melee.
You have a pair of horns on your head.


Message History

The elephant is engulfed in blazing flames.
You block the spriggan berserker's attack.
A fire elemental comes into view.
The elephant is engulfed in blazing flames.
You hear a trumpeting!
The spriggan berserker hits you with a hand axe!
* * * LOW HITPOINT WARNING * * *
The spriggan berserker hits you with a hand axe.
* * * LOW HITPOINT WARNING * * *
You hear a shout!
The spriggan berserker rages.
You hear a trumpeting!
The spriggan berserker hits you with a hand axe!
* * * LOW HITPOINT WARNING * * *
You block the spriggan berserker's attack.
A deep elf mage comes into view. It is wielding a long sword.
The deep elf mage shouts!
The spriggan berserker hits you with a hand axe!!
You die...
Your body rises from the dead as a mindless zombie.

#.........#.........####.#
#.........'.........'))))#
#.........#.........####)#
#.........##.......## #.#
#....)....###.....## #.#
#....#....# ##...## #..
#<...#....# ##'## ###
#....#....## #.#
#.>...#...@.# #.#
#.#########i####.##
#.....#...Y..E§...##
#####.#.e##Y##.§...########
#.#..##.##§)§..........
#.#..##.##.§§#...######
#... #...§§E§.§.# # ####
####E..##§.## # #...##§§§#
.♣


You could see an elephant (berserk), a spriggan berserker (berserk), a deep elf
mage and a fire elemental.

Vanquished Creatures
  Vashnia (Snake:2)
  Rupert (Snake:1)
  Frances (Elf:1)
  An orc warlord (Orc:2)
  Nessos (Lair:4)
  A deep elf annihilator (Elf:1)
  A red draconian (Volcano)
  A great orb of eyes (Abyss:4)
  4 hydras
  A naga warrior (Snake:3)
  A ghost crab (Swamp:1)
  3 two-headed ogres
  4 death yaks
  2 spriggan berserkers (Elf:1)
  A salamander mystic (Volcano)
  5 naga sharpshooters
  3 shock serpents
  5 deep elf knights (Elf:1)
  An unseen horror (D:10)
  6 sea snakes
  A naga ritualist (Snake:3)
  4 orc sorcerers
  2 orc knights
  3 mana vipers
  2 ugly things (D:11)
  6 salamanders
  An elephant (Lair:6)
  8 deep elf magi (Elf:1)
  14 black mambas
  6 spiny frogs
  9 naga magi
  5 komodo dragons
  5 rime drakes
  The ghost of Dirian the Slasher, an amateur MiFi (D:4)
  2 ice devils (Lair:2)
  6 trolls
  3 hornets (Lair:6)
  5 polar bears
  14 blink frogs
  Prince Ribbit (D:7)
  9 dream sheep
  3 hippogriffs
  9 spriggans (Lair:6)
  A vampire (D:11)
  An air elemental (Elf:1)
  36 yaks
  Sigmund (D:6)
  A wraith (D:10)
  2 wyverns (Lair:3)
  Eustachio (D:6)
  2 fire bats (Abyss:4)
  3 hungry ghosts (D:9)
  6 swamp worms (Lair:4)
  16 nagas
  13 water moccasins
  21 orc warriors
  8 porcupines
  A necrophage (D:11)
  3 ice beasts
  3 sky beasts
  A black bear (Lair:6)
  9 ogres
  A phantom (D:6)
  39 wolves
  4 boggarts (Lair:6)
  6 centaurs
  11 crocodiles
  3 big kobolds
  11 bullfrogs
  5 scorpions
  6 wights
  2 electric eels (Snake:2)
  2 howler monkeys
  5 crimson imps
  A small abomination (Abyss:4)
  3 centaur zombies
  7 jellies
  2 quasits
  3 bullfrog zombies
  A centaur skeleton (D:8)
  11 orc priests
  4 hounds
  An iguana (D:7)
  13 orc wizards
  9 worker ants
  A killer bee zombie (D:4)
  A worker ant zombie (D:9)
  13 gnolls
  13 adders
  7 shadow imps
  3 adder zombies
  An adder skeleton (D:7)
  12 worms
  A dart slug (D:1)
  6 leopard geckos
  74 orcs
  14 bats
  3 giant cockroaches
  6 goblins
  8 hobgoblins
  6 jackals
  17 kobolds
  6 quokkas
  3 ball pythons
  4 frilled lizards
  A jackal skeleton (D:4)
  A leopard gecko skeleton (D:7)
  A quokka skeleton (D:7)
  4 rats
  2 plants
650 creatures vanquished.

Vanquished Creatures (collateral kills)
  A nagaraja (Snake:3)
  The ghost of raph the Thaumaturge, a journeyman DEFE of Kikubaaqudgha (Lair:4)
  2 naga warriors
  2 hydras
  An anaconda (Snake:2)
  A death yak (Lair:1)
  An orc high priest (Orc:2)
  4 naga sharpshooters
  A salamander mystic (Snake:3)
  5 sea snakes (Snake:2)
  A mana viper (Snake:2)
  2 orc knights (Orc:1)
  A deep elf mage (Elf:1)
  A centaur zombie (D:10)
  2 black mambas
  3 naga magi
  Joseph (D:10)
  2 elephants (Lair:6)
  2 spiny frogs
  A gargoyle (D:10)
  A polar bear (Lair:6)
  5 trolls
  4 dream sheep
  A hippogriff (D:10)
  3 spriggans (Lair:6)
  8 yaks
  A basilisk (Lair:5)
  A warg (Orc:2)
  4 nagas
  3 swamp worms (Lair:4)
  A water moccasin (Lair:5)
  8 orc warriors
  A phantom (D:10)
  2 black bears
  2 ogres (Orc:2)
  9 wolves
  2 crocodiles
  A scorpion (D:11)
  4 killer bees (D:10)
  6 electric eels
  3 wights (D:11)
  A hound (D:11)
  An orc priest (Orc:2)
  5 orc wizards
  2 worker ants (D:11)
  2 worms (Lair:4)
  10 orcs
  A kobold (D:11)
  A quokka (D:11)
  22 fungi
  12 plants
162 creatures vanquished.

Vanquished Creatures (others)
  2 flayed ghosts (Elf:1)
  2 phantasmal warriors (Snake:3)
  2 shock serpent zombies (Snake:3)
  2 swamp worm zombies (Lair:4)
  2 sea snake zombies
  A hydra zombie (Lair:5)
  7 flying skulls
  2 black mamba zombies
  A wraith (Elf:1)
  2 vampires
  A spiny frog zombie (Lair:5)
  A hornet zombie (Lair:6)
  4 dream sheep zombies (Lair:4)
  3 blink frog zombies (Lair:6)
  A komodo dragon zombie (Lair:2)
  A wyvern zombie (Lair:3)
  2 water moccasin zombies
  2 polar bear zombies (Lair:6)
  5 spriggan zombies
  7 yak zombies
  A troll zombie (Orc:2)
  A killer bee (D:10)
  2 wights
  5 wolf zombies
  3 bullfrog zombies
  A black bear zombie (Lair:6)
  A human zombie (D:10)
  2 crocodile zombies
  12 naga zombies
  2 ogre zombies
  A mummy (D:10)
  2 orc skeletons
  4 worm zombies (Lair:4)
  An electric eel zombie (Snake:2)
  An adder skeleton (D:10)
  An orc (D:7)
  13 orc zombies
  21 fungi
  12 plants
  6 starspawn tentacles (Abyss:4)
142 creatures vanquished.

Grand Total: 954 creatures vanquished

Notes
Turn   | Place    | Note
-------+----------+-------------------------------------------
     0 | D:1      | microfolk the Minotaur Fighter began the quest for the Orb.
     0 | D:1      | Reached XP level 1. HP: 19/19 MP: 0/0
   141 | D:1      | Reached XP level 2. HP: 14/27 MP: 1/1
   316 | D:1      | Reached skill level 4 in Fighting
   825 | D:2      | Reached XP level 3. HP: 29/33 MP: 2/2
   955 | D:1      | Reached XP level 4. HP: 19/41 MP: 3/3
  1611 | D:3      | Reached skill level 5 in Fighting
  1614 | D:3      | Reached XP level 5. HP: 30/48 MP: 4/4
  1631 | D:2      | Reached skill level 5 in Armour
  2069 | D:3      | Found a shadowy altar of Dithmenos.
  2700 | D:4      | Reached XP level 6. HP: 56/56 MP: 5/5
  2715 | D:4      | Noticed Dirian's ghost (amateur MiFi)
  2716 | D:4      | Noticed an orc warrior
  3002 | D:4      | Found a sparkling altar of Nemelex Xobeh.
  3015 | D:4      | Reached skill level 5 in Axes
  3172 | D:5      | Entered Level 5 of the Dungeon
  3199 | D:5      | Reached skill level 6 in Fighting
  3211 | D:5      | Noticed Menkaure
  3387 | D:5      | Noticed an ice beast
  3400 | D:5      | HP: 2/57 [ice beast (13)]
  3401 | D:5      | Killed an ice beast
  3401 | D:5      | Reached XP level 7. HP: 3/63 MP: 6/6
  4421 | D:5      | Reached skill level 7 in Fighting
  4598 | D:5      | Found a staircase to the Ecumenical Temple.
  4857 | D:6      | Noticed Sigmund
  4864 | D:6      | Killed Sigmund
  4864 | D:6      | Reached XP level 8. HP: 67/73 MP: 7/7
  5098 | D:6      | Reached skill level 8 in Fighting
  5422 | D:6      | Noticed Eustachio
  5463 | D:6      | Killed Eustachio
  6357 | D:7      | Found a radiant altar of Vehumet.
  6444 | D:7      | Found a deep blue altar of Sif Muna.
  6486 | D:7      | Noticed Prince Ribbit
  6500 | D:7      | Reached skill level 9 in Fighting
  6500 | D:7      | Reached XP level 9. HP: 83/83 MP: 8/8
  6514 | D:7      | Got an iridescent trident
  6523 | D:7      | Identified the +8 trident of Dawn {freeze, rF+ rN+ Int+4 Dex-3} (You found it on level 7 of the Dungeon)
  6585 | D:7      | Reached skill level 1 in Polearms
  6982 | D:4      | Killed Dirian's ghost
  7376 | D:7      | Killed Prince Ribbit
  7705 | D:8      | Noticed a two-headed ogre
  7737 | D:8      | Reached skill level 10 in Fighting
  7739 | D:8      | Reached skill level 10 in Armour
  7941 | D:8      | Reached skill level 5 in Polearms
  8036 | D:8      | Reached XP level 10. HP: 94/94 MP: 9/9
  8382 | D:8      | Killed a two-headed ogre
  8382 | D:8      | Reached skill level 11 in Fighting
  8613 | D:9      | Found a staircase to the Lair.
  8818 | D:9      | Noticed a two-headed ogre
  8828 | D:9      | Noticed a two-headed ogre
  8831 | D:9      | Killed a two-headed ogre
  8836 | D:9      | Killed a two-headed ogre
  9211 | D:9      | Reached skill level 12 in Fighting
  9385 | Temple   | Entered the Ecumenical Temple
  9538 | Temple   | Became a worshipper of Yredelemnul the Dark
  9619 | Lair:1   | Entered Level 1 of the Lair of Beasts
  9650 | D:9      | Reached XP level 11. HP: 79/104 MP: 10/10
  9765 | Lair:1   | Noticed an eight-headed hydra
 10310 | D:9      | Killed an eight-headed hydra
 10496 | Lair:1   | Reached * piety under Yredelemnul
 10738 | Lair:1   | Reached skill level 13 in Fighting
 10738 | Lair:1   | Reached skill level 10 in Polearms
 10992 | Lair:2   | Found a frozen archway.
 11109 | IceCv    | Entered an ice cave
 11283 | Lair:2   | Found a staircase to the Swamp.
 11528 | Lair:2   | Reached skill level 1 in Invocations
 11633 | Lair:2   | Reached XP level 12. HP: 89/115 MP: 12/12
 12070 | Lair:3   | Noticed a death yak
 12071 | Lair:3   | Noticed a death yak
 12071 | Lair:3   | Noticed a death yak
 12072 | Lair:3   | Noticed a death yak
 12072 | Lair:3   | Noticed a death yak
 12082 | Lair:2   | Killed a death yak
 12136 | Lair:2   | Killed a death yak
 12157 | Lair:1   | Killed a death yak
 12489 | Lair:1   | Killed a death yak
 12514 | Lair:2   | Killed a death yak
 12732 | Lair:3   | Found a staircase to the Snake Pit.
 12895 | Lair:3   | Reached skill level 14 in Fighting
 13239 | Lair:3   | Reached ** piety under Yredelemnul
 13833 | Lair:4   | Noticed a five-headed hydra
 13858 | Lair:3   | Killed a five-headed hydra
 13958 | Lair:4   | Reached skill level 5 in Invocations
 14266 | Lair:4   | Noticed raph's ghost (journeyman DEFE)
 14318 | Lair:4   | Noticed Nessos
 14343 | Lair:4   | Killed Nessos
 14418 | Lair:4   | Reached *** piety under Yredelemnul
 14457 | Lair:4   | Got a pitted brass ring
 14508 | Lair:4   | Reached XP level 13. HP: 56/125 MP: 16/16
 14780 | Lair:4   | Killed raph's ghost
 16057 | Lair:5   | Reached skill level 15 in Fighting
 16070 | Lair:5   | Identified the ring of Xom's Ringing Laughter {rElec MR- Str+3 Dex+10} (You found it on level 4 of the Lair of Beasts)
 16107 | Lair:5   | Received a gift from Yredelemnul (a wight)
 16611 | Lair:6   | Entered Level 6 of the Lair of Beasts
 16621 | Lair:5   | Reached skill level 15 in Armour
 16666 | Lair:6   | Reached **** piety under Yredelemnul
 16711 | Lair:6   | Found a dark tunnel.
 16717 | Volcano  | Entered a volcano
 16816 | Volcano  | Noticed a red draconian
 16833 | Volcano  | Killed a red draconian
 17054 | Lair:6   | Received a gift from Yredelemnul (2 flying skulls)
 17086 | Lair:6   | Found a viscous altar of Jiyva.
 17091 | Lair:6   | Found a staircase to the Slime Pits.
 17378 | Lair:6   | Reached ***** piety under Yredelemnul
 17872 | Lair:6   | Reached XP level 14. HP: 136/136 MP: 18/18
 17882 | Lair:6   | Received a gift from Yredelemnul (3 flying skulls)
 18133 | D:10     | Entered Level 10 of the Dungeon
 18209 | D:10     | Noticed Joseph
 18218 | D:10     | Killed Joseph
 18409 | D:10     | Received a gift from Yredelemnul (a mummy)
 18420 | D:10     | Reached skill level 16 in Fighting
 18448 | D:10     | Your ally Joseph died
 19307 | D:11     | Found Goikheam's Magic Scroll Emporium.
 19385 | D:11     | Found a roughly hewn altar of Beogh.
 19395 | D:11     | Received a gift from Yredelemnul (a wight)
 19397 | D:11     | Found a staircase to the Orcish Mines.
 19954 | Snake:1  | Entered Level 1 of the Snake Pit
 20062 | Snake:1  | Noticed Rupert
 20063 | Snake:1  | Paralysed by Rupert for 2 turns
 20078 | Snake:1  | Killed Rupert
 20209 | Snake:1  | Got a polished hand crossbow
 20210 | Snake:1  | Identified the cursed +1 hand crossbow of Grace {elec, Dex+4} (You found it on level 1 of the Snake Pit)
 20406 | Snake:1  | Reached skill level 1 in Crossbows
 20913 | Snake:2  | Received a gift from Yredelemnul (a vampire)
 21608 | Snake:2  | Noticed Vashnia
 22098 | Snake:2  | Reached skill level 17 in Fighting
 22367 | Snake:2  | Killed Vashnia
 22367 | Snake:2  | Reached skill level 5 in Crossbows
 22726 | Snake:2  | Received a gift from Yredelemnul (a phantasmal warrior)
 22951 | Snake:3  | Reached XP level 15. HP: 131/147 MP: 19/19
 22967 | Snake:3  | Noticed a nagaraja
 23321 | Snake:3  | Received a gift from Yredelemnul (a phantasmal warrior)
 23363 | Snake:3  | Killed a nagaraja
 23563 | Snake:3  | Received a gift from Yredelemnul (2 flying skulls)
 23578 | Snake:3  | Reached skill level 18 in Fighting
 23710 | Snake:3  | Noticed Aizul
 23845 | Swamp:1  | Entered Level 1 of the Swamp
 23863 | Swamp:1  | Noticed Louise
 23865 | Swamp:1  | Cast into level 3 of the Abyss (Louise)
 23886 | Abyss:4  | Found a corrupted altar of Lugonu.
 23936 | Abyss:4  | HP: 2/149 [raiju/living lightning (9)]
 24183 | Abyss:4  | Noticed a tentacled starspawn
 24215 | Abyss:4  | Noticed an Executioner
 24285 | Abyss:4  | Noticed a tentacled starspawn
 24376 | Abyss:4  | Noticed a bone dragon
 24381 | Abyss:4  | Noticed an Executioner
 24383 | Abyss:4  | Noticed a bone dragon
 24387 | Abyss:4  | Noticed a tentacled starspawn
 24390 | Abyss:4  | Noticed a tentacled starspawn
 24400 | Swamp:1  | Escaped the Abyss
 24857 | Orc:1    | Entered Level 1 of the Orcish Mines
 24925 | D:11     | Received a gift from Yredelemnul (a wraith)
 25012 | Orc:1    | Received a gift from Yredelemnul (a vampire)
 25052 | Orc:1    | Found Gideih's Book Emporium.
 25141 | Orc:1    | Found a roughly hewn altar of Beogh.
 25355 | Orc:2    | Entered Level 2 of the Orcish Mines
 25355 | Orc:2    | Found a staircase to the Elven Halls.
 25371 | Orc:1    | Received a gift from Yredelemnul (a flayed ghost)
 25375 | Orc:2    | Noticed an orc warlord
 25563 | Orc:2    | Reached ****** piety under Yredelemnul
 25988 | Orc:2    | Found Leqec's Antique Weapon Boutique.
 26018 | Orc:2    | Bought an iridescent hand crossbow for 289 gold pieces
 26018 | Orc:2    | Identified the +2 hand crossbow "Puenaad" {elec, Dex+4} (You bought it in a shop on level 2 of the Orcish Mines)
 26062 | Orc:2    | Found Teap's General Store.
 26174 | Orc:2    | Killed an orc warlord
 26271 | Orc:2    | Found Xunt's Antique Armour Boutique.
 26279 | Orc:2    | Bought a scorched shield for 304 gold pieces
 26279 | Orc:2    | Bought a jewelled shield for 304 gold pieces
 26297 | Orc:2    | Identified the cursed +0 shield "Japsoa" {rCorr Int+2} (You bought it in a shop on level 2 of the Orcish Mines)
 26315 | Orc:2    | Identified the +4 shield "Neugui" {MP+9 Dex+4} (You bought it in a shop on level 2 of the Orcish Mines)
 26740 | Orc:2    | Found Cutiat's Jewellery Shop.
 26883 | Elf:1    | Entered Level 1 of the Elven Halls
 27199 | Elf:1    | Noticed Frances
 27219 | Elf:1    | Killed Frances
 27219 | Elf:1    | Reached skill level 10 in Crossbows
 27219 | Elf:1    | Received a gift from Yredelemnul (a flayed ghost)
 27277 | Elf:1    | Found Kemir's General Store.
 28161 | Elf:1    | Reached skill level 19 in Fighting
 28208 | Elf:1    | Noticed Azrael
 28215 | Elf:1    | Demolished by a spriggan berserker

Skill      XL: |  1  2  3  4  5  6  7  8  9 10 11 12 13 14 15 |
---------------+----------------------------------------------+-----
Fighting       | 4 5 6 7 9 10 12 13 14 15 17 19 | 19.0
Armour         | 4 5 6 7 8 10 12 13 14 15 17 | 17.0
Axes           | 3 4 5 6 8 |  8.5
Polearms       | 5 8 10 12 13 14 | 14.3
Invocations    | 1 5 7 |  7.0
Crossbows      | 6 10 | 10.4
Shields        | |  3.6

Action                   |  1- 3 |  4- 6 |  7- 9 | 10-12 | 13-15 || total
-------------------------+-------+-------+-------+-------+-------++-------
Melee: War axe           |    60 |   177 |   207 |       |       ||   444
       Headbutt          |    12 |    28 |    60 |   110 |   244 ||   454
       Trident           |       |       |   118 |   645 |  1181 ||  1944
Invok: Animate Remains   |       |       |       |    27 |       ||    27
       Animate Dead      |       |       |       |     2 |    95 ||    97
       Recall Undead Sla |       |       |       |       |    14 ||    14
       Enslave Soul      |       |       |       |       |     1 ||     1
Evoke: Wand              |       |       |       |     7 |     3 ||    10
  Use: Scroll            |       |     5 |     9 |     8 |    17 ||    39
       Potion            |       |       |     2 |       |     4 ||     6
 Stab: Distracted        |       |       |       |     4 |    14 ||    18
       Confused          |       |       |       |       |     1 ||     1
  Eat: Chunk             |       |     8 |     8 |    76 |    61 ||   153
       Ration            |       |       |     2 |       |     5 ||     7
Armor: Scale mail        |    25 |    65 |   156 |   184 |       ||   430
       Plate armour      |       |       |       |    33 |   547 ||   580
Dodge: Dodged            |    18 |    65 |    71 |   122 |   166 ||   442
Block: Shield            |    32 |   111 |   138 |   193 |   438 ||   912
